Map: Central Protocol

Players

Botvinnik

  • Race: Terran Terran
  • League: Master

FireCake - Winner!

  • Race: Zerg Zerg
  • League: Grandmaster

Event: Gauntlet LotV Series 1 Qualifier 2

VOD

Have the link to the VOD?

Description

Time

  • Played on: Dec. 5, 2015, 2:32 p.m.
  • Length: 11:47

All games in this series

Show
View Real Time Build Order
Export as new Build Order

Botvinnik Terran 

Build Orders: Reaper Expand, MMM Bio 

Get SALT Encoding   

  12  0:00  SCV  
  13  0:13  SCV  
  14  0:17  Supply Depot  
  14  0:25  SCV  
  15  0:38  SCV  
  15  0:40  Barracks  
  16  0:44  Refinery  
  16  0:50  SCV  
  17  1:03  SCV  
  18  1:16  SCV  
  19  1:28  Reaper  
  19  1:29  Orbital Command  
  20  1:45  Command Center  
  20  1:53  Supply Depot  
  20  1:56  SCV  
  21  2:01  Marine  
  22  2:09  SCV  
  23  2:17  Factory  
  23  2:21  SCV  
  24  2:33  SCV, Barracks Reactor  
  23  2:44  Barracks x2  
  23  2:45  SCV  
  23  2:48  Refinery  
  24  2:57  SCV  
  25  3:09  SCV, Orbital Command  
  26  3:13  Hellion  
  26  3:14  Hellion  
  26  3:19  Barracks Tech Lab  
  30  3:24  SCV  
  31  3:32  Barracks Reactor x2  
  31  3:34  Hellion  
  31  3:35  Hellion  
  31  3:37  SCV  
  31  3:38  SCV  
  37  3:42  Supply Depot  
  37  3:48  Stimpack, Marine  
  37  3:52  SCV  
  37  3:53  SCV  
  40  4:07  SCV  
  40  4:08  SCV, Starport  
  42  4:12  Marine x4  
  48  4:17  Marauder  
  48  4:18  Supply Depot  
  48  4:20  SCV  
  48  4:22  SCV  
  52  4:24  Hellion  
  52  4:32  Marine x2  
  54  4:39  SCV x2, Marauder, Marine x2  
  54  4:44  Supply Depot  
  60  4:45  Medivac  
  62  4:54  Supply Depot  
  62  4:57  Armory  
  62  5:05  Medivac  
  62  5:06  Marine x2  
  66  5:07  Marauder, Marine x2  
  66  5:12  Supply Depot  
  70  5:16  SCV x2  
  72  5:27  Marine x3  
  72  5:28  Marine  
  76  5:31  SCV x2, Supply Depot  
  76  5:34  Marauder  
  80  5:48  Combat Shields, Marine x4  
  84  5:55  Marauder  
  82  6:06  Marine x4  
  77  6:16  SCV x2, Marauder  
  76  6:23  Refinery, Marine  
  76  6:24  Refinery, Engineering Bay  
  76  6:25  Engineering Bay  
  74  6:28  Marine x3  
  74  6:30  Hellion  
  77  6:37  Medivac x2  
  77  6:38  Marauder  
  79  6:41  Marine  
  79  6:46  Barracks  
  78  6:48  Barracks  
  78  6:49  Marine x3  
  79  6:59  Marauder, Marine  
  77  7:07  Factory Tech Lab, Marine x2  
  74  7:08  Marine  
  74  7:12  Medivac x2  
  76  7:17  Marine  
  76  7:18  Command Center, SCV x2  
  76  7:21  Marauder  
  81  7:25  Marine  
  82  7:31  Marine x2  
  82  7:32  Siege Tank  
  82  7:35  Marine  
  82  7:36  Terran Infantry Armor Level 1  
  88  7:37  Barracks Reactor x2  
  88  7:38  Barracks Tech Lab  
  88  7:39  Concussive Shells  
  88  7:41  SCV x2  
  90  7:53  SCV x2  
  90  7:58  Terran Infantry Weapons Level 1  
  92  7:59  Marauder  
  92  8:04  Marine  
  94  8:07  Marine  
  94  8:08  Marine  
  94  8:10  Supply Depot  
  94  8:17  Supply Depot  
  94  8:19  Supply Depot, Marine  
  94  8:22  Marine  
  94  8:25  Marauder x2, Supply Depot, Medivac, Marine  
  101  8:29  Siege Tank  
  101  8:31  Marine x2  
  101  8:33  SCV x2  
  104  8:37  Marine x2  
  104  8:38  Medivac  
  104  8:44  Marine  
  104  8:47  Marauder  
  104  8:49  Marine  
  104  8:53  SCV  
  104  8:55  Medivac  
  109  8:59  Orbital Command  
  109  9:04  Marine x2  
  109  9:07  Marine  
  109  9:08  Marauder, Marine x3  
  115  9:14  Marauder  
  117  9:21  Liberator  
  117  9:22  Barracks, Liberator  
  117  9:23  Barracks  
  117  9:27  Marine  
  117  9:28  Marine x3  
  117  9:29  Marauder, Marine x2  
  125  9:34  Supply Depot  
  125  9:36  Supply Depot  
  128  9:45  Marauder  
  133  9:47  Marine x4  
  133  9:52  Marine x2  
  138  9:53  Marauder  
  138  9:57  Supply Depot  
  141  10:04  Marine  
  141  10:05  Marine x3  
  141  10:06  Marauder  
  141  10:07  Liberator  
  128  10:10  Marine x3  
  116  10:14  Marauder  
  111  10:22  Marine x2  
  111  10:23  Marine x2  
  111  10:24  Medivac  
  111  10:27  Marauder  
  111  10:28  Marine  
  122  10:32  Barracks Tech Lab x2  
  122  10:35  Marine  
  118  10:36  Marauder  
  118  10:40  Marine x2  
  118  10:41  Marine  
  124  10:44  Marine  
  124  10:45  Siege Tank  
  124  10:46  Marine  
  124  10:49  Marauder  
  129  10:52  Marauder, Marine  
  129  10:53  Marine  
  129  10:54  Medivac  
  135  10:57  Marauder  
  137  11:08  Marine x3  
  140  11:12  Marine x3  
  140  11:13  Marine, Marauder x2  
  143  11:19  Marauder  
  144  11:26  Marine x2  
  144  11:28  Marine  
Show
View Real Time Build Order
Export as new Build Order

FireCake Zerg - Winner!

Build Orders: Pool First 

Get SALT Encoding   

  12  0:00  Drone  
  13  0:08  Drone  
  14  0:18  Overlord  
  14  0:23  Drone, Extractor  
  15  0:37  Drone x2  
  17  0:44  Spawning Pool  
  17  0:48  Drone  
  17  1:07  Extractor  
  16  1:12  Hatchery  
  16  1:14  Drone  
  16  1:17  Drone  
  17  1:20  Drone  
  18  1:31  Queen  
  20  1:34  Zergling x2  
  20  1:38  Drone  
  22  1:48  Overlord  
  22  2:06  Drone, Queen  
  25  2:14  Drone  
  25  2:26  Spore Crawler  
  24  2:35  Drone x4  
  28  2:40  Drone  
  29  2:49  Hatchery  
  29  2:51  Drone  
  29  2:53  Drone  
  29  2:56  Drone  
  31  3:00  Drone  
  32  3:08  Roach Warren  
  31  3:16  Drone x2  
  33  3:20  Drone x3  
  36  3:27  Overlord  
  36  3:28  Overlord  
  36  3:35  Extractor x2  
  36  3:36  Drone x2  
  38  3:45  Queen  
  40  3:50  Roach x3  
  40  3:52  Roach x2  
  40  3:54  Drone  
  51  3:56  Drone  
  51  4:02  Drone x3  
  54  4:09  Overlord  
  54  4:14  Overlord  
  54  4:16  Drone  
  55  4:22  Drone x2  
  57  4:24  Extractor  
  57  4:25  Lair, Extractor  
  57  4:28  Drone x2  
  57  4:29  Overlord  
  57  4:30  Overlord  
  57  4:37  Drone x4  
  57  4:38  Drone  
  62  4:45  Evolution Chamber  
  61  4:46  Evolution Chamber  
  61  4:49  Overlord  
  60  4:58  Drone x3, Extractor  
  62  5:01  Drone  
  62  5:02  Drone x6  
  62  5:05  Overlord  
  69  5:10  Overlord  
  69  5:11  Overlord  
  69  5:12  Drone x2  
  71  5:18  Roach x3  
  77  5:26  Overseer  
  77  5:27  Glial Reconstitution  
  77  5:32  Extractor x2  
  77  5:33  Drone  
  77  5:34  Drone x4  
  80  5:36  Drone  
  80  5:37  Drone  
  80  5:38  Drone  
  83  5:46  Roach  
  83  5:47  Roach x2  
  89  5:53  Roach x2  
  93  6:01  Roach  
  93  6:02  Roach x6  
  89  6:12  Roach x2  
  89  6:13  Drone, Roach  
  89  6:14  Drone x2  
  85  6:23  Roach x2  
  82  6:29  Roach x2  
  78  6:37  Zerg Missile Weapons Level 1  
  78  6:39  Drone  
  77  6:40  Drone x2  
  77  6:44  Drone  
  79  6:47  Drone  
  79  6:48  Zerg Ground Armor Level 1  
  80  7:00  Drone x4  
  80  7:12  Hatchery  
  77  7:16  Drone x4  
  77  7:17  Queen  
  77  7:18  Queen  
  77  7:20  Drone x4  
  89  7:26  Drone  
  89  7:27  Drone  
  91  7:31  Overlord x2  
  91  7:36  Roach x3  
  97  7:45  Overlord  
  97  7:46  Overlord  
  97  7:47  Overlord  
  97  7:53  Overlord x2  
  97  7:55  Queen  
  99  8:06  Roach x5  
  107  8:16  Drone  
  102  8:21  Drone  
  102  8:24  Extractor x2  
  97  8:28  Drone  
  97  8:29  Drone x6  
  104  8:36  Hatchery, Zerg Missile Weapons Level 2  
  103  8:44  Drone x2  
  103  8:45  Drone x3  
  106  9:01  Roach x8  
  122  9:07  Overlord  
  122  9:12  Spine Crawler  
  122  9:13  Roach x2  
  125  9:23  Roach x4  
  125  9:24  Roach  
  135  9:27  Pneumatized Carapace  
  135  9:31  Roach x5  
  139  9:32  Hatchery, Ravager  
  139  9:33  Ravager x7  
  154  9:38  Roach  
  154  9:39  Roach  
  154  9:42  Roach  
  158  9:50  Roach x4  
  164  9:53  Queen  
  164  9:54  Roach  
  164  9:56  Overlord  
  164  9:57  Overlord  
  139  10:09  Roach x8  
  134  10:18  Roach x3  
  129  10:24  Roach x6  
  141  10:29  Roach x7  
  141  10:35  Roach x3  
  157  10:42  Roach  
  161  10:43  Roach  
  161  10:45  Ravager x12  
  171  10:53  Roach x4  
  171  10:54  Roach x3  
  185  10:58  Roach  
  185  10:59  Roach x2  
  189  11:09  Overlord x3  
  178  11:26  Roach x2  
  178  11:27  Roach x4  
Tags
 
Add a new tag
Caveats
  • Supply blocks, unpowered buildings, or Contaminate may cause inaccurate times.
  • Supply counts are checked every 10 seconds.